 Dungeon Crawl Stone Soup version 0.29.1-12-g30fa7ad0bf (webtiles) character file.

Game seed: 4944086821800538137

5373 sneakypete the Blocker (level 10, -6/79 HPs)
             Began as a Formicid Fighter on Jan 18, 2023.
             Was an Elder of Vehumet.
             Mangled by a gnoll sergeant
             ... wielding a +0 halberd
              (10 damage)
             ... in a bailey.
             The game lasted 01:04:29 (10758 turns).

sneakypete the Blocker (Formicid Fighter)          Turns: 10758, Time: 01:04:29

Health: -6/79      AC: 19    Str: 23    XL:     10   Next: 97%
Magic:  10/10      EV:  7    Int:  8    God:    Vehumet [****..]
Gold:   453        SH: 11    Dex: 15    Spells: 9/9 levels left

rFire   + . .      SeeInvis +   w - +1 flail (vorpal)
rCold   x . .      Faith    .   E - +0 kite shield
rNeg    . . .      Spirit   .   F - +0 plate armour
rPois   .          Reflect  .   (helmet unavailable)
rElec   .          Harm     .   (no cloak)
rCorr   .          Rampage  .   (no gloves)
Will    +....                   o - +0 pair of boots
Stlth   ..........              (no amulet)
HPRegen 0.23/turn               B - +4 ring of protection
MPRegen 0.12/turn               u - ring of fire

@: no status effects
A: permanent stasis, dig shafts and tunnels, antennae 3, four strong arms
a: Dig, Renounce Religion


You were in a bailey.
You worshipped Vehumet.
Vehumet was greatly pleased with you.
You visited 1 branch of the dungeon, and saw 8 of its levels.
You also visited: Bailey.

You collected 453 gold pieces.

Inventory:

Hand Weapons
 a - a +0 war axe
 c - a +1 halberd
 w - a +1 vorpal flail (weapon)
 x - a +0 hand axe of flaming
 J - a +4 short sword
 N - a +3 mace
Missiles
 k - 2 throwing nets
Armour
 o - a +0 pair of boots (worn)
 s - a +0 chain mail
 A - the +2 leather armour "Cun Qec" {rF- rC+++ Will- Dex+9}
   (You found it on level 4 of the Dungeon)

   Dex:       It affects your dexterity (+9).
   rF:        It makes you vulnerable to fire.
   rC:        It renders you almost immune to cold.
   Will:      It decreases your willpower.
 E - a +0 kite shield (worn)
 F - a +0 plate armour (worn)
 M - a +0 troll leather armour
Magical Staves
 q - a staff of air
Jewellery
 e - a ring of willpower
 u - a ring of fire (right hand)
 y - a ring of willpower
 z - an amulet of faith
 B - a +4 ring of protection (left hand)
 H - a ring of flight
Wands
 n - a wand of acid (11)
 D - a wand of paralysis (8)
 G - a wand of digging (2)
Scrolls
 b - 2 scrolls of magic mapping {unknown}
 f - 9 scrolls of teleportation
 h - 2 scrolls of immolation
 j - 3 scrolls of silence
 t - 6 scrolls of identify
 v - 5 scrolls of vulnerability
 C - a scroll of blinking
 L - 2 scrolls of enchant armour {unknown}
Potions
 d - 3 potions of might
 g - 2 potions of mutation {unknown}
 i - 2 potions of ambrosia {unknown}
 m - a potion of degeneration {unknown}
 r - 2 potions of haste {unknown}
 I - a potion of flight {unknown}
 K - a potion of magic {unknown}
 O - a potion of brilliance {unknown}


   Skills:
 + Level 7.2 Fighting
 + Level 4.3(7.2) Axes
 + Level 9.0(9.4) Maces & Flails
 + Level 8.7 Armour
 + Level 2.2 Dodging
 + Level 1.4 Stealth
 + Level 9.8 Shields


You had 9 spell levels left.
You didn't know any spells.
Your spell library contained the following spells:

 Spells                   Type           Power      Damage    Failure   Level
 Fireball                 Conj/Fire      0%         3d3       100%        5
 Shock                    Conj/Air       0%         1d3       93%         1
 Apportation              Tloc           0%         N/A       100%        1
 Necrotise                Necr           0%         1d4       100%        1
 Summon Small Mammal      Summ           0%         N/A       100%        1
 Ensorcelled Hibernation  Hex/Ice        0%         N/A       100%        2
 Spider Form              Tmut/Pois      0%         N/A       100%        3
 Airstrike                Air            0%         2d(0-16)  100%        4
 Anguish                  Hex/Necr       0%         N/A       100%        4
 Swiftness                Air            Unusable   N/A       N/A         3

Dungeon Overview and Level Annotations

Branches:
Dungeon (8/15)             Temple (0/1) D:7          Bailey (1/1)
   Lair: D:8-11

Altars:
Cheibriados
Gozag
Qazlal
Ru
Vehumet
The Shining One

Shops:
D:4 *   D:5 [


Innate Abilities, Weirdness & Mutations

You cannot be hasted, slowed, berserked, paralysed or teleported.
You can dig through walls and to a lower floor.
You have a pair of large antennae on your head. (SInv)
Your four strong arms can wield two-handed weapons with a shield.


Message History

The gnoll bouda attacks as you move away!
You block the gnoll bouda's attack. The gnoll attacks as you move away!
The gnoll hits you but does no damage.
The gnoll sergeant hits you but does no damage.
The gnoll bouda barks out a call to the hunt!
The gnoll picks up the pace!
The gnoll barely misses you.
You feel better. The gnoll hits you but does no damage.
The gnoll sergeant hits you but does no damage.
The gnoll bouda closely misses you. You block the gnoll's attack.
You sock the gnoll sergeant!
The gnoll sergeant is moderately wounded.
The gnoll hits you from afar with a +0 halberd.
* * * LOW HITPOINT WARNING * * *
You block the gnoll sergeant's attack.
The gnoll bouda hits you but does no damage.
You block the gnoll's attack.
As you read the scroll labelled ROSCHE IXTIO, it crumbles to dust.
You hear the tinkle of a tiny bell.
It was a scroll of butterflies.
You block the gnoll's attack. You block the gnoll sergeant's attack.
The gnoll bouda hits you but does no damage.
The gnoll hits you from afar with a +0 spear.
* * * LOW HITPOINT WARNING * * *
You hit the gnoll sergeant.
The gnoll sergeant is severely wounded.
You block the gnoll's attack.
The gnoll sergeant completely misses you.
The gnoll bouda barely misses you. The gnoll completely misses you.
You barely miss the gnoll sergeant.
The gnoll sergeant is severely wounded.
The gnoll sergeant is no longer moving quickly.
The gnoll hits you but does no damage. You block the gnoll sergeant's attack.
The gnoll bouda hits you from afar with a +0 halberd!
* * * LOW HITPOINT WARNING * * *
The gnoll closely misses you.
You hit the gnoll sergeant but do no damage.
The gnoll sergeant is severely wounded.
The gnoll barely misses you.
The gnoll sergeant hits you with a +0 halberd!
You die... ##...## ##.....## #.......# ♣≈ #..$8$..# ≈♣ ♣≈ #.......# ≈♣ ♣≈ #.....# ≈♣ ♣≈ { #ggg#

≈♣ ♣≈ {{ {##b## {{ ≈♣
♣≈ { {{{#b@b#{{ { ≈♣
♣≈## #.g.# ##≈♣ ♣≈.#
#...# #.≈♣
♣≈.######'b'######.≈♣
♣≈......bb.b.......≈♣
♣≈≈.......).......≈≈♣
♣♣≈≈≈≈≈≈≈.b.≈≈≈≈≈≈≈♣♣
♣♣......)÷)......♣♣
♣♣♣...........♣♣♣


You could see a gnoll sergeant (ally target), a gnoll bouda (ally target) and 2
gnolls.

Vanquished Creatures
  A two-headed ogre (D:8)
  A troll (D:7)
  Prince Ribbit (D:6)
  A slime creature (D:7)
  A shadow (D:7)
  A wraith (D:7)
  2 steam dragons
  2 water moccasins
  An orc warrior (D:7)
  4 ice beasts
  5 black bears
  2 sky beasts
  An ogre (D:5)
  A centaur (D:8)
  3 phantoms
  2 kobold brigands
  A bullfrog (D:6)
  6 scorpions
  10 wights
  3 hounds
  A gnoll bouda (D:5)
  An orc priest (D:7)
  6 jellies
  3 iguanas
  2 orc wizards (D:7)
  A mummy (D:4)
  9 gnolls
  10 adders
  3 shadow imps
  A white imp (D:7)
  3 worms
  3 dart slugs
  10 orcs
  3 ball pythons
  4 bats
  8 endoplasms
  5 giant cockroaches
  13 goblins
  7 hobgoblins
  9 jackals
  A quokka (D:5)
  A frilled lizard (D:1)
  17 kobolds
  9 rats
179 creatures vanquished.

Vanquished Creatures (collateral kills)
  A centaur (D:6)
1 creature vanquished.

Vanquished Creatures (others)
  4 kobolds (D:8)
  A plant (D:8)
5 creatures vanquished.

Grand Total: 185 creatures vanquished

Notes
Turn   | Place    | Note
-------+----------+-------------------------------------------
     0 | D:1      | sneakypete the Formicid Fighter began the quest for the
                  | Orb.
     0 | D:1      | Reached XP level 1. HP: 18/18 MP: 1/1
   224 | D:1      | Reached XP level 2. HP: 18/24 MP: 2/2
   776 | D:1      | Reached XP level 3. HP: 29/29 MP: 3/3
  1104 | D:2      | Found a faded altar of an unknown god.
  1108 | D:2      | Prayed at the altar of an unknown god.
  1108 | D:2      | Became a worshipper of Vehumet
  1108 | D:2      | Reached * piety under Vehumet
  1108 | D:2      | Offered knowledge of Freeze by Vehumet.
  1179 | D:2      | Reached XP level 4. HP: 32/36 MP: 4/4
  2275 | D:3      | Found a sacrificial altar of Ru.
  2319 | D:3      | Reached XP level 5. HP: 42/42 MP: 5/5
  2618 | D:3      | Offered knowledge of Scorch by Vehumet.
  2769 | D:3      | Reached ** piety under Vehumet
  3170 | D:4      | Noticed an ice beast
  3185 | D:4      | Killed an ice beast
  3186 | D:4      | Reached skill level 1 in Maces & Flails
  3186 | D:4      | Reached skill level 5 in Shields
  3186 | D:4      | Reached XP level 6. HP: 6/48 MP: 6/6
  3779 | D:4      | Noticed a black bear
  3788 | D:4      | Killed a black bear
  3789 | D:4      | Reached XP level 7. HP: 44/55 MP: 7/7
  3959 | D:4      | Found Gozag's Platinum Reserve.
  3962 | D:4      | Found an opulent altar of Gozag.
  4164 | D:4      | Offered knowledge of Poisonous Vapours by Vehumet.
  4180 | D:4      | Found a snail-covered altar of Cheibriados.
  4183 | D:4      | Identified the +2 leather armour "Cun Qec" {rF- rC+++ Will-
                  | Dex+9}
  4534 | D:5      | Entered Level 5 of the Dungeon
  4598 | D:5      | Reached skill level 5 in Armour
  4598 | D:5      | Reached skill level 1 in Dodging
  4624 | D:5      | Reached XP level 8. HP: 41/61 MP: 8/8
  5294 | D:5      | Reached *** piety under Vehumet
  5395 | D:5      | Found Feritoj's Armour Emporium.
  5418 | D:5      | Reached skill level 5 in Maces & Flails
  6070 | D:6      | Noticed Prince Ribbit
  6091 | D:6      | Killed Prince Ribbit
  6092 | D:6      | Reached skill level 5 in Fighting
  6092 | D:6      | Reached XP level 9. HP: 43/68 MP: 9/9
  6408 | D:6      | Found a stormy altar of Qazlal.
  6793 | D:6      | Reached skill level 1 in Stealth
  7114 | D:6      | Offered knowledge of Mephitic Cloud by Vehumet.
  7665 | D:6      | Found a glowing golden altar of the Shining One.
  8132 | D:7      | Reached XP level 10. HP: 73/77 MP: 10/10
  8365 | D:7      | Found a staircase to the Ecumenical Temple.
  8846 | D:7      | Reached **** piety under Vehumet
  9635 | D:7      | Offered knowledge of Fireball by Vehumet.
 10286 | D:8      | Found a flagged portal.
 10324 | D:8      | Noticed a two-headed ogre
 10395 | D:8      | Killed a two-headed ogre
 10406 | Bailey   | Entered a bailey
 10758 | Bailey   | Mangled by a gnoll sergeant

Illustrated notes

Levels and vault maps discovered:
D:1:      nicolae_arrival_memento_mori, layout_loops_ring
D:2:      minmay_general_purpose_star, layout_basic,
          shapermc_ecumenical_altar_mp_vishouse
D:3:      layout_loops_ring, hangedman_ru_absence
D:4:      layout_cave_pools, nicolae_gozag_zags_fifth_avenue, slow_altar_1
D:5:      layout_rooms, serial_glass, glass_columns_c, glass_columns_a,
          serial_shops, nicolae_shop_hallway_plus, hex_tiny, minivault_5,
          hangedman_decor_lopped, glass_columns_b
D:6:      layout_loops_ring, lemuel_round_altar, overflow_temple_1_default,
          st_stairs_6, chequers_serial_rivers_large_a, grunt_ministairs_10,
          uniq_prince_ribbit1
D:7:      minmay_chambers_of_sixes, layout_basic, minmay_temple_entry_slanted,
          serial_corexii_hall, chequers_hall_statues_wall_a,
          corexii_hall_statues_i
D:8:      corexii_shantytown, layout_basic, okawaru_metal_pillars_1_2,
          mainiacjoe_overflow_brackets, overflow_temple_1_default,
          enter_bailey_8, st_stairs_12, kennysheep_pointless_box,
          grunt_ogre_cave, minmay_shop_damaged, lightli_minifort
Bailey:   bailey_polearm_gnolls_kennysheep, bailey

Skill      XL: |  1  2  3  4  5  6  7  8  9 10 |
---------------+-------------------------------+-----
Axes           | 3 4 |  4.3
Fighting       | 4 5 6 7 |  7.2
Maces & Flails | 1 2 3 5 7 9 |  9.0
Armour         | 4 5 6 7 8 |  8.7
Shields        | 5 6 8 9 |  9.8
Dodging        | 1 2 |  2.2
Stealth        | 1 |  1.4

Action                   |  1- 3 |  4- 6 |  7- 9 | 10-12 || total
-------------------------+-------+-------+-------+-------++-------
Melee: War axe           |    88 |    87 |       |       ||   175
       Flail             |       |    45 |   273 |   239 ||   557
       Hand axe          |       |     9 |       |       ||     9
  Use: Scroll            |       |       |     7 |     3 ||    10
       Potion            |       |       |       |     6 ||     6
Armor: Scale mail        |    49 |    10 |       |       ||    59
       Chain mail        |       |    60 |   159 |     8 ||   227
       Plate armour      |       |       |       |   151 ||   151
Dodge: Dodged            |    47 |    46 |    94 |    80 ||   267
Block: Buckler           |    26 |    39 |    30 |       ||    95
       Kite shield       |       |       |   112 |   192 ||   304
